 Dungeon Crawl Stone Soup version 0.20-a0-903-g7e3609c (webtiles) character file.

198 M4edhros the Sneak (level 5, -3/33 HPs)
             Began as an Octopode Artificer on Mar 21, 2017.
             Killed by divine providence
             ... invoked by an orc priest
              (14 damage)
             ... on level 5 of the Dungeon.
             The game lasted 00:04:14 (1937 turns).

M4edhros the Sneak (Octopode Artificer)             Turns: 1937, Time: 00:04:17

Health: -3/33      AC:  1    Str: 11    XL:     5   Next: 76%
Magic:  7/7        EV: 13    Int: 13    God:
Gold:   86         SH:  0    Dex: 14    Spells: 4/4 levels left

rFire    + . .     SeeInvis .   a - +0 short sword
rCold    x . .     Gourm    .   (no shield)
rNeg     . . .     Faith    .   (helmet restricted)
rPois    .         Spirit   .   (no amulet)
rElec    .         Reflect  .   m - ring of wizardry
rCorr    .         Harm     .   t - ring of fire
MR       .....                  (no ring)
Stlth    ++++......             (no ring)
Regen    0.2/turn               (no ring)
MPRegen  0.1/turn               (no ring)
                                (no ring)
                                (no ring)

@: no status effects
A: almost no armour, stealthy swim, amphibious, 8 rings, constrict 8, camouflage
1, gelatinous body 1
a: no special abilities


You were on level 5 of the Dungeon.
You were very hungry.

You visited 1 branch of the dungeon, and saw 5 of its levels.

You collected 86 gold pieces.

Inventory:

Hand Weapons
 a - a +0 short sword (weapon)
 i - a +0 hunting sling
 p - a +0 trident
Missiles
 l - 35 stones (quivered)
Jewellery
 m - a ring of wizardry (left tentacle)
 t - a ring of fire (right tentacle)
 u - the ring of the Lonely Spirits {*Tele Dex+3 Stlth-}
   (You found it on level 4 of the Dungeon)

   [ring of teleportation]

   It may teleport you next to monsters.
   It affects your dexterity (+3).
   It makes you less stealthy.
Wands
 b - a wand of flame (11/48)
 c - a wand of enslavement (9/24)
 d - a wand of random effects (7/48)
Scrolls
 g - 3 scrolls of remove curse {unknown}
 j - 5 scrolls of identify {unknown}
 q - a scroll of teleportation {unknown}
 s - 2 scrolls of amnesia {unknown}
Potions
 e - a potion of heal wounds {unknown}
 h - a potion of mutation {unknown}
 r - a potion of flight {unknown}
Comestibles
 f - 2 bread rations
 k - 5 fruits
 n - 3 meat rations


   Skills:
 - Level 1.0 Fighting
 - Level 1.0 Short Blades
 * Level 4.2 Slings
 - Level 2.0 Dodging
 + Level 4.6 Stealth
 - Level 3.2 Evocations


You had 4 spell levels left.
You didn't know any spells.

Dungeon Overview and Level Annotations

Branches:
Dungeon (5/15)
 Temple: D:4-7

Altars:
Wu Jian
Yredelemnul

Annotations:
D:3 lolicon's ghost, amateur OpIE


Innate Abilities, Weirdness & Mutations

You cannot wear most types of armour.
You are very stealthy in the water. (Stealth+)
You are amphibious.
You can wear up to eight rings at the same time.
You can use your tentacles to constrict eight enemies at once.
Your skin changes colour to match your surroundings (Stealth+).
Your rubbery body absorbs attacks. (AC +1, EV +1)


Message History

The orc is heavily wounded.
The orc misses you.
You barely miss the orc. You grab the orc.
The orc is heavily wounded.
You constrict the orc. The orc barely misses you.
You hit the orc.
You kill the orc!
You hit the jackal but do no damage. Your grab misses the jackal.
The jackal barely misses you.
The orc priest mumbles some strange prayers to Beogh against you.
Beogh smites you! The jackal bites you.
You barely miss the jackal. You grab the jackal. You squeeze the jackal.
You kill the jackal!
You closely miss the orc priest. You grab the orc priest.
You constrict the orc priest.
The orc priest invokes the aid of Beogh against you.
Pain shoots through your body!
The orc priest invokes the aid of Beogh against you.
Beogh smites you!
You die...

...# #...
## #..#
#... .
...# #.#..
#. ...
..##..
#.##.##
#.# #..
#.##.o...#
#. ##.
#........#
. #[
#.#####o.#
. #.
#.?..(@..#
.. #.
########.#
#. ###.#
## #...#
##. #.###
#.# #.#
##.
#.######
##
#......#
### #
######.#
##)#####


You could see an orc priest.

Vanquished Creatures
  A jelly (D:5)
  2 orc priests
  An iguana (D:5)
  A worm (D:2)
  A dart slug (D:3)
  10 orcs
  A giant cockroach (D:3)
  2 goblins
  3 hobgoblins
  5 jackals
  2 quokkas
  A ball python (D:3)
  2 bats
  5 frilled lizards
  5 kobolds
  A quokka skeleton (D:5)
  3 rats
46 creatures vanquished.

Vanquished Creatures (collateral kills)
  4 orcs (D:4)
  A leopard gecko skeleton (D:4)
5 creatures vanquished.

Vanquished Creatures (others)
  An orc priest (D:4)
  An orc wizard (D:4)
2 creatures vanquished.

Grand Total: 53 creatures vanquished

Notes
Turn   | Place    | Note
-------+----------+-------------------------------------------
     0 | D:1      | M4edhros the Octopode Artificer began the quest for the Orb.
     0 | D:1      | Reached XP level 1. HP: 13/13 MP: 3/3
   314 | D:1      | Reached skill level 1 in Slings
   314 | D:1      | Reached XP level 2. HP: 18/18 MP: 4/4
   909 | D:3      | Reached XP level 3. HP: 15/23 MP: 5/5
  1113 | D:3      | Reached XP level 4. HP: 19/28 MP: 6/6
  1129 | D:3      | Found an ornate altar of the Wu Jian Council.
  1233 | D:3      | Noticed lolicon's ghost (amateur OpIE)
  1255 | D:3      | Found a basalt altar of Yredelemnul.
  1310 | D:4      | Noticed an ogre
  1314 | D:4      | Reached XP level 5. HP: 3/33 MP: 7/7
  1329 | D:4      | Got an ancient wooden ring
  1330 | D:4      | Identified the ring of the Lonely Spirits {*Tele Dex+3 Stlth-} (You found it on level 4 of the Dungeon)
  1606 | D:5      | Entered Level 5 of the Dungeon
  1937 | D:5      | Killed from afar by an orc priest

Vault maps used:
D:1:      evilmike_arrival_fibonacci_small, minmay_misc_feat_columns
D:2:      hangedman_decor_growths
D:3:      marbit_many_paths, yredelemnul_altar_generic, first_bread
D:4:      overflow_temple_1_default, hex_medium, uniq_robin
D:5:      grunt_temple_overflow_open, temple_statues, lemuel_old_faithful

Skill      XL: |  1  2  3  4  5 |
---------------+----------------+-----
Stealth        | 2 3 4 |  4.6
Slings         | 1 2 3 4 |  4.2
Fighting       | |  1.0
Short Blades   | |  1.0
Dodging        | |  2.0
Evocations     | |  3.2

Action                   |  1- 3 |  4- 6 || total
-------------------------+-------+-------++-------
Melee: Short sword       |    53 |    40 ||    93
       Constrict         |    14 |    14 ||    28
       Tentacles         |     5 |     6 ||    11
Evoke: Wand              |     1 |    17 ||    18
 Stab: Sleeping          |     6 |     4 ||    10
  Eat: Royal jelly       |       |     1 ||     1
Armor: Skin              |     4 |       ||     4
Dodge: Dodged            |    25 |    20 ||    45
